3AA
RICHLAND RAILS @ BILLINGS POLAR BEARS
06/18/2042
 
TOP OF THE 1ST
Richland Rails batting - Pitching for Billings Polar Bears : RHP Austin Cunningham
Pitching: RHP Austin Cunningham
Batting: LHB Josh Wiggins 0-0: Ball
1-0: Ball
2-0: Ball
3-0: Called Strike
3-1: Called Strike
3-2: Foul Ball, location: 2F
3-2: Fly out, F7 (Flyball, 78S, EV 85.0 MPH)
Batting: LHB Doyle Berkey 0-0: Foul Ball, location: 2F
0-1: Ball
1-1: Ground out 1-3 (Groundball, 13, EV 85.0 MPH)
Batting: RHB Kazuki Takahashi 0-0: Ball
1-0: Foul Ball, location: 2F
1-1: Called Strike
1-2: Ball
2-2: Ball
3-2: Hit by Pitch
Batting: LHB Ricardo Águila 0-0: Ball
Kazuki Takahashi is caught stealing 2nd base 2-6
Top of the 1st over - 0 runs, 0 hits, 0 errors, 0 left on base; Richland 0 - Billings 0
BOTTOM OF THE 1ST
Billings Polar Bears batting - Pitching for Richland Rails : RHP Gary Podell
Pitching: RHP Gary Podell
Batting: SHB Leonardo Rodríguez 0-0: Ball
1-0: Ball
2-0: Called Strike
2-1: Fly out, F8 (Line Drive, 8LD, EV 97.5 MPH)
Batting: RHB Edward Johnson 0-0: Called Strike
0-1: Ball
1-1: Swinging Strike
1-2: Foul Ball, location: 2F
1-2: Foul Ball, location: 2F
1-2: Foul Ball, location: 2F
1-2: DOUBLE (Line Drive, 78D, EV 111.9 MPH)
Batting: LHB Stanley Bell 0-0: Ball
1-0: Called Strike
1-1: Foul Ball, location: 2F
1-2: Fly out, F7 (Flyball, 7S, EV 90.6 MPH)
Batting: RHB Jose Reginalde 0-0: Foul Ball, location: 2F
0-1: Ball
1-1: Foul Ball, location: 2F
1-2: Foul Ball, location: 2F
1-2: Ball
2-2: Foul Ball, location: 2F
2-2: Strikes out looking
Bottom of the 1st over - 0 runs, 1 hit, 0 errors, 1 left on base; Richland 0 - Billings 0
TOP OF THE 2ND
Richland Rails batting - Pitching for Billings Polar Bears : RHP Austin Cunningham
Batting: LHB Ricardo Águila 0-0: DOUBLE (Line Drive, 7LM, EV 103.8 MPH)
Batting: RHB Greg Ge 0-0: Called Strike
0-1: Ball
1-1: SINGLE (Line Drive, 8LS, EV 96.9 MPH)
Ricardo Águila to third
Batting: RHB Cheng-ho Bu 0-0: Ball
Greg Ge is caught stealing 2nd base 2-4
1-0: Foul Ball, location: 2F
1-1: Foul Ball, location: 2F
1-2: Ground out 5-3 (Groundball, 56S, EV 85.0 MPH)
Ricardo Águila scores
Batting: LHB Emosi Whiu 0-0: Ball
1-0: Called Strike
1-1: Swinging Strike
1-2: Strikes out looking
Top of the 2nd over - 1 run, 2 hits, 0 errors, 0 left on base; Richland 1 - Billings 0
BOTTOM OF THE 2ND
Billings Polar Bears batting - Pitching for Richland Rails : RHP Gary Podell
Batting: RHB Gary Panniers 0-0: Foul Ball, location: 2F
0-1: Ball
1-1: Foul Ball, location: 2F
1-2: Ground out 4-3 (Groundball, 4, EV 89.4 MPH)
Batting: RHB Shalom Gestel 0-0: Called Strike
0-1: Foul Ball, location: 2F
0-2: Strikes out swinging
Batting: RHB Conan Brown 0-0: Called Strike
0-1: Foul Ball, location: 2F
0-2: Foul Ball, location: 2F
0-2: Ball
1-2: Ball
2-2: Foul Ball, location: 2F
2-2: Foul Ball, location: 2F
2-2: Foul Ball, location: 2F
2-2: Ball
3-2: Foul Ball, location: 2F
3-2: Base on Balls
Batting: RHB Kelly Johnson 0-0: Swinging Strike
0-1: Ball
1-1: Swinging Strike
1-2: Ball
2-2: SINGLE (Groundball, 4D, EV 93.8 MPH)
Conan Brown to second
Runner from 2nd tries for 3rd, SAFE, throw by CF made to third
Batting: RHB George Johnston 0-0: Swinging Strike
0-1: Fly out, F3 (Popup, 34S, EV 80.6 MPH)
Bottom of the 2nd over - 0 runs, 1 hit, 0 errors, 2 left on base; Richland 1 - Billings 0
TOP OF THE 3RD
Richland Rails batting - Pitching for Billings Polar Bears : RHP Austin Cunningham
Batting: RHB Tony Juderías 0-0: Fly out, F8 (Flyball, 8LS, EV 77.5 MPH)
Batting: RHB Alden Hall 0-0: Called Strike
0-1: Ball
1-1: Called Strike
1-2: SINGLE (Groundball, 34D, EV 101.2 MPH)
Batting: LHB Josh Wiggins 0-0: Ball
1-0: Swinging Strike
1-1: Foul Ball, location: 2F
1-2: Ball
2-2: Ball
3-2: Base on Balls
Alden Hall to second
Batting: LHB Doyle Berkey 0-0: Called Strike
0-1: SINGLE (Groundball, 56D, EV 98.8 MPH)
Alden Hall to third
Josh Wiggins to second
Runner from 3rd tries for Home, SAFE, no throw by LF
Batting: RHB Kazuki Takahashi 0-0: Fly out, F7 (Flyball, 7LSF, EV 81.2 MPH)
Batting: LHB Ricardo Águila 0-0: Foul Ball, location: 2F
0-1: Ball
1-1: Swinging Strike
1-2: SINGLE (Flyball, 78M, EV 85.0 MPH)
Josh Wiggins to third
Doyle Berkey to second
Runner from 3rd tries for Home, SAFE, throw by CF to home
Batting: RHB Greg Ge 0-0: Ball
1-0: SINGLE (Groundball, 6MD, EV 97.5 MPH)
Doyle Berkey to third
Ricardo Águila to second
Runner from 3rd tries for Home, SAFE, no throw by CF
Batting: RHB Cheng-ho Bu 0-0: Called Strike
0-1: Ball
1-1: Called Strike
1-2: TRIPLE (Flyball, 8RXD, EV 91.9 MPH)
Ricardo Águila scores
Greg Ge scores
Pitching: RHP Ron Stevens
Batting: LHB Emosi Whiu 0-0: Ball
1-0: Foul Ball, location: 2F
1-1: Called Strike
1-2: Strikes out looking
Top of the 3rd over - 5 runs, 5 hits, 0 errors, 1 left on base; Richland 6 - Billings 0
BOTTOM OF THE 3RD
Billings Polar Bears batting - Pitching for Richland Rails : RHP Gary Podell
Batting: SHB Leonardo Rodríguez 0-0: Swinging Strike
0-1: Ball
1-1: Foul Ball, location: 2F
1-2: Foul Ball, location: 2F
1-2: Ball
2-2: Foul Ball, location: 2F
2-2: Ground out 4-3 (Groundball, 4, EV 95.6 MPH)
Batting: RHB Edward Johnson 0-0: Ball
1-0: Ball
2-0: Called Strike
2-1: Ball
3-1: Foul Ball, location: 2F
3-2: Reached on error, E9 (Line Drive, 9, EV 91.9 MPH)
Batting: LHB Stanley Bell 0-0: Foul Ball, location: 2F
0-1: Ball
1-1: Ball
2-1: SINGLE (Line Drive, 6D, EV 100.0 MPH)
Edward Johnson to third
Runner from 3rd tries for Home, SAFE, throw by CF to home
Batting: RHB Jose Reginalde 0-0: Called Strike
0-1: Ball
1-1: Swinging Strike
1-2: Ball
2-2: Strikes out swinging
Batting: RHB Gary Panniers 0-0: Ball
1-0: SINGLE (Groundball, 34, EV 96.9 MPH)
Stanley Bell to second
Runner from 2nd tries for 3rd, SAFE, no throw by RF
Batting: RHB Shalom Gestel 0-0: Ball
1-0: Foul Ball, location: 2F
1-1: Ball
2-1: Ball
3-1: Base on Balls
Gary Panniers to second
Batting: RHB Conan Brown 0-0: Ball
1-0: Foul Ball, location: 2F
1-1: SINGLE (Groundball, 4D, EV 95.0 MPH)
Stanley Bell scores
Gary Panniers to third
Shalom Gestel to second
Runner from 3rd tries for Home, SAFE, no throw by CF
Batting: RHB Kelly Johnson 0-0: Ball
1-0: Foul Ball, location: 2F
1-1: Ball
2-1: Ball
3-1: Swinging Strike
3-2: Base on Balls
Shalom Gestel to third
Conan Brown to second
Batting: RHB George Johnston 0-0: Called Strike
0-1: Ball
1-1: Ball
2-1: Called Strike
2-2: Strikes out swinging
Bottom of the 3rd over - 3 runs, 3 hits, 1 error, 3 left on base; Richland 6 - Billings 3
TOP OF THE 4TH
Richland Rails batting - Pitching for Billings Polar Bears : RHP Ron Stevens
Batting: RHB Tony Juderías 0-0: Ball
1-0: Swinging Strike
1-1: Foul Ball, location: 2F
1-2: Ball
2-2: Fly out, F8 (Flyball, 8RS, EV 93.1 MPH)
Batting: RHB Alden Hall 0-0: Ball
1-0: Ball
2-0: DOUBLE (Line Drive, 9LM, EV 109.4 MPH)
Batting: LHB Josh Wiggins 0-0: Foul Ball, location: 2F
0-1: Foul Ball, location: 2F
0-2: Ball
1-2: Ball
Wild Pitch!
Alden Hall to third
2-2: Ball
3-2: Base on Balls
Batting: LHB Doyle Berkey 0-0: Ball
1-0: Foul Ball, location: 2F
1-1: Ball
2-1: Ball
3-1: DOUBLE (Groundball, 3L, EV 97.5 MPH)
Alden Hall scores
Josh Wiggins to third
Batting: RHB Kazuki Takahashi 0-0: Called Strike
0-1: Ball
1-1: Called Strike
1-2: TRIPLE (Line Drive, 7D, EV 106.2 MPH)
Josh Wiggins scores
Doyle Berkey scores
Batting: LHB Ricardo Águila 0-0: Foul Ball, location: 2F
0-1: Ball
1-1: Ball
2-1: Ground out 1-3 (Groundball, 23, EV 64.4 MPH)
Batting: RHB Greg Ge 0-0: Ball
1-0: Ball
Wild Pitch!
Kazuki Takahashi scores
2-0: Ball
3-0: Base on Balls
Batting: RHB Cheng-ho Bu 0-0: Called Strike
0-1: Ball
1-1: Foul Ball, location: 2F
1-2: Fly out, F7 (Flyball, 78XD, EV 91.9 MPH)
Top of the 4th over - 4 runs, 3 hits, 0 errors, 1 left on base; Richland 10 - Billings 3
BOTTOM OF THE 4TH
Billings Polar Bears batting - Pitching for Richland Rails : RHP Gary Podell
Batting: SHB Leonardo Rodríguez 0-0: Ball
1-0: Fly out, F8 (Line Drive, 8RM, EV 95.0 MPH)
Batting: RHB Edward Johnson 0-0: Foul Ball, location: 2F
0-1: Foul Ball, location: 2F
0-2: Strikes out swinging
Batting: LHB Stanley Bell 0-0: Ball
1-0: SINGLE (Groundball, 34D, EV 98.1 MPH)
Batting: RHB Jose Reginalde 0-0: Ball
1-0: Called Strike
1-1: Foul Ball, location: 2F
1-2: Strikes out swinging
Bottom of the 4th over - 0 runs, 1 hit, 0 errors, 1 left on base; Richland 10 - Billings 3
TOP OF THE 5TH
Richland Rails batting - Pitching for Billings Polar Bears : RHP Ron Stevens
Batting: LHB Emosi Whiu 0-0: SINGLE (Groundball, 4D, EV 105.0 MPH)
Batting: RHB Tony Juderías 0-0: Called Strike
0-1: Ball
1-1: Ball
2-1: Called Strike
2-2: Foul Ball, location: 2F
2-2: Fielders Choice at 2nd, 5-4 (Groundball, 5D, EV 98.8 MPH)
Pitching: RHP Marty Brooks
Batting: RHB Alden Hall 0-0: Ball
1-0: Called Strike
1-1: Swinging Strike
1-2: Foul Ball, location: 2F
1-2: Fly out, F8 (Flyball, 8RM, EV 83.8 MPH)
Batting: LHB Josh Wiggins 0-0: Fly out, F4 (Line Drive, 4, EV 67.5 MPH)
Top of the 5th over - 0 runs, 1 hit, 0 errors, 1 left on base; Richland 10 - Billings 3
BOTTOM OF THE 5TH
Billings Polar Bears batting - Pitching for Richland Rails : RHP Gary Podell
Batting: RHB Gary Panniers 0-0: Ball
1-0: Ball
2-0: SINGLE (Line Drive, 4MD, EV 102.5 MPH)
Pitching: LHP Camillo Vialli
Batting: RHB Shalom Gestel 0-0: Called Strike
0-1: Fly out, F7 (Flyball, 7D, EV 103.1 MPH)
Batting: RHB Conan Brown 0-0: Ball
1-0: DOUBLE (Groundball, 5L, EV 102.5 MPH)
Gary Panniers to third
Batting: RHB Kelly Johnson 0-0: Called Strike
0-1: Ball
1-1: Fly out, F8 (Flyball, 8RM, EV 76.9 MPH)
Runner from 3rd tags up, SCORES, throw by CF
Batting: RHB George Johnston 0-0: Foul Ball, location: 2F
0-1: SINGLE (Groundball, 4MD, EV 95.0 MPH)
Conan Brown to third
Runner from 3rd tries for Home, SAFE, throw by CF to home
Batting: SHB Leonardo Rodríguez 0-0: Ball
1-0: Foul Ball, location: 2F
1-1: Ball
2-1: Called Strike
2-2: Ball
3-2: Strikes out swinging
Bottom of the 5th over - 2 runs, 3 hits, 0 errors, 1 left on base; Richland 10 - Billings 5
TOP OF THE 6TH
Richland Rails batting - Pitching for Billings Polar Bears : RHP Marty Brooks
Batting: LHB Doyle Berkey 0-0: Ball
1-0: Foul Ball, location: 2F
1-1: Ball
2-1: Reached on error, E4 (Groundball, 4, EV 89.4 MPH)
Batting: RHB Kazuki Takahashi 0-0: Ball
1-0: Ball
2-0: Grounds into double play, 6-4-3 (Groundball, 6, EV 82.5 MPH)
Batting: LHB Ricardo Águila 0-0: Ball
1-0: TRIPLE (Flyball, 78XD, EV 109.4 MPH)
Batting: RHB Greg Ge 0-0: Called Strike
0-1: Foul Ball, location: 2F
0-2: Ball
1-2: Foul Ball, location: 2F
1-2: Strikes out looking
Top of the 6th over - 0 runs, 1 hit, 1 error, 1 left on base; Richland 10 - Billings 5
BOTTOM OF THE 6TH
Billings Polar Bears batting - Pitching for Richland Rails : LHP Camillo Vialli
Batting: RHB Edward Johnson 0-0: Ball
1-0: Ball
2-0: Called Strike
2-1: Swinging Strike
2-2: Fly out, F3 (Popup, 3F, EV 59.4 MPH)
Batting: LHB Stanley Bell 0-0: Swinging Strike
0-1: Called Strike
0-2: Strikes out swinging, 2-3 out at first.
Batting: RHB Jose Reginalde 0-0: Ball
1-0: Swinging Strike
1-1: Foul Ball, location: 2F
1-2: Ball
2-2: Foul Ball, location: 2F
2-2: Ball
3-2: Strikes out looking
Bottom of the 6th over - 0 runs, 0 hits, 0 errors, 0 left on base; Richland 10 - Billings 5
TOP OF THE 7TH
Richland Rails batting - Pitching for Billings Polar Bears : RHP Marty Brooks
Batting: RHB Cheng-ho Bu 0-0: Called Strike
0-1: Ball
1-1: Ball
2-1: Foul Ball, location: 2F
2-2: Foul Ball, location: 2F
2-2: Ball
3-2: DOUBLE (Line Drive, 7LD, EV 108.1 MPH)
Pitching: RHP Darrel Parker
Batting: LHB Emosi Whiu 0-0: Ball
1-0: Ball
2-0: Ball
3-0: Called Strike
3-1: Base on Balls
Batting: RHB Tony Juderías 0-0: Called Strike
0-1: Ball
1-1: Called Strike
1-2: SINGLE (Groundball, 6MD, EV 106.9 MPH)
Cheng-ho Bu to third
Emosi Whiu to second
Batting: RHB Alden Hall 0-0: Swinging Strike
0-1: Grounds into double play, 5-4-3 (Groundball, 56S, EV 91.9 MPH)
Cheng-ho Bu scores
Emosi Whiu to third
Batting: LHB Josh Wiggins 0-0: Ball
1-0: Ball
2-0: Ball
3-0: Called Strike
3-1: Base on Balls
Batting: LHB Doyle Berkey 0-0: Foul Ball, location: 2F
0-1: Fly out, F6 (Popup, P, EV 77.5 MPH)
Top of the 7th over - 1 run, 2 hits, 0 errors, 2 left on base; Richland 11 - Billings 5
BOTTOM OF THE 7TH
Billings Polar Bears batting - Pitching for Richland Rails : LHP Camillo Vialli
Batting: RHB Gary Panniers 0-0: Ball
1-0: Fly out, F3 (Line Drive, 3, EV 68.8 MPH)
Batting: RHB Shalom Gestel 0-0: Ball
1-0: Ball
2-0: Foul Ball, location: 2F
2-1: Foul Ball, location: 2F
2-2: Strikes out swinging
Batting: RHB Conan Brown 0-0: Swinging Strike
0-1: Swinging Strike
0-2: Foul Ball, location: 2F
0-2: Ball
1-2: Strikes out swinging
Bottom of the 7th over - 0 runs, 0 hits, 0 errors, 0 left on base; Richland 11 - Billings 5
TOP OF THE 8TH
Richland Rails batting - Pitching for Billings Polar Bears : RHP Darrel Parker
Batting: RHB Kazuki Takahashi 0-0: Hit by Pitch
Batting: LHB Ricardo Águila 0-0: Called Strike
0-1: Ball
Kazuki Takahashi is caught stealing 2nd base 2-6
1-1: Swinging Strike
1-2: Strikes out looking
Batting: RHB Greg Ge 0-0: Ball
1-0: Ball
2-0: Ground out 4-3 (Groundball, 34, EV 103.1 MPH)
Top of the 8th over - 0 runs, 0 hits, 0 errors, 0 left on base; Richland 11 - Billings 5
BOTTOM OF THE 8TH
Billings Polar Bears batting - Pitching for Richland Rails : LHP Camillo Vialli
Batting: RHB Kelly Johnson 0-0: Ball
1-0: SINGLE (Groundball, 2L, EV 62.5 MPH) (infield hit)
Batting: RHB George Johnston 0-0: Called Strike
0-1: Ball
1-1: Fly out, F8 (Flyball, 78XD, EV 106.9 MPH)
Batting: SHB Leonardo Rodríguez 0-0: Fielders Choice at 2nd, 6-4 (Groundball, 6, EV 78.8 MPH)
Batting: RHB Edward Johnson 0-0: Called Strike
0-1: Ball
1-1: Ball
2-1: Foul Ball, location: 2F
2-2: Ball
3-2: Foul Ball, location: 2F
3-2: Strikes out swinging
Bottom of the 8th over - 0 runs, 1 hit, 0 errors, 1 left on base; Richland 11 - Billings 5
TOP OF THE 9TH
Richland Rails batting - Pitching for Billings Polar Bears : RHP Darrel Parker
Batting: RHB Cheng-ho Bu 0-0: Ball
1-0: Fly out, F7 (Flyball, 78M, EV 95.0 MPH)
Batting: LHB Emosi Whiu 0-0: Ball
1-0: Ball
2-0: Foul Ball, location: 2F
2-1: Foul Ball, location: 2F
2-2: Ground out 6-3 (Groundball, 6, EV 103.1 MPH)
Batting: RHB Tony Juderías 0-0: Called Strike
0-1: Ball
1-1: Swinging Strike
1-2: Foul Ball, location: 2F
1-2: SOLO HOME RUN (Flyball, 7LD, EV 98.8 MPH), Distance : 346 ft
Pinch Hitting: RHB Bill Wolf 0-0: Called Strike
0-1: Foul Ball, location: 2F
0-2: Strikes out swinging, 2-3 out at first.
Top of the 9th over - 1 run, 1 hit, 0 errors, 0 left on base; Richland 12 - Billings 5
BOTTOM OF THE 9TH
Billings Polar Bears batting - Pitching for Richland Rails : LHP Camillo Vialli
Now at C: Bill Wolf
Pinch Hitting: LHB Alvin Montgomery 0-0: Ball
1-0: Swinging Strike
1-1: Called Strike
1-2: Foul Ball, location: 2F
1-2: Ball
2-2: Strikes out looking
Pitching: LHP Cameron Thoresen
Batting: RHB Jose Reginalde 0-0: Fly out, F7 (Flyball, 7, EV 93.1 MPH)
Batting: RHB Gary Panniers 0-0: Ball
1-0: Foul Ball, location: 2F
1-1: Swinging Strike
1-2: Ball
2-2: Foul Ball, location: 2F
2-2: Strikes out swinging
Bottom of the 9th over - 0 runs, 0 hits, 0 errors, 0 left on base; Richland 12 - Billings 5
Friday, March 26th, 2021 - OOTP Baseball 20.8 Build 74